Map: Dusk Towers

Players

oPZesty - Winner!

  • Race: Zerg Zerg
  • League: Master

IIIIIIIIIIII

  • Race: Terran Terran
  • League: Grandmaster

VOD

Have the link to the VOD?

Description

Time

  • Played on: Dec. 23, 2015, 5:23 p.m.
  • Length: 21:20
Show
View Real Time Build Order
Export as new Build Order

oPZesty Zerg - Winner!

Build Orders: Hatch First 

Get SALT Encoding   

  12  0:01  Drone  
  13  0:12  Overlord  
  13  0:17  Drone  
  14  0:30  Drone x2  
  16  0:36  Drone  
  17  0:53  Hatchery  
  17  0:56  Drone  
  17  1:08  Spawning Pool  
  16  1:11  Drone, Extractor  
  16  1:15  Drone  
  17  1:19  Drone  
  18  1:29  Drone  
  19  1:38  Overlord  
  19  1:50  Drone  
  20  1:55  Queen  
  20  2:00  Zergling x2  
  23  2:05  Drone, Queen  
  26  2:12  Metabolic Boost  
  26  2:14  Zergling x2  
  27  2:17  Drone  
  28  2:24  Drone  
  29  2:33  Drone  
  30  2:37  Hatchery  
  29  2:46  Queen  
  29  2:47  Queen  
  29  2:50  Drone  
  34  2:54  Overlord  
  34  3:03  Drone x2  
  36  3:08  Roach Warren  
  36  3:09  Drone  
  36  3:13  Drone  
  36  3:14  Drone  
  36  3:15  Drone  
  39  3:30  Overlord x2  
  39  3:32  Drone x3  
  39  3:33  Drone  
  43  3:36  Extractor  
  41  3:45  Drone  
  42  3:50  Drone, Extractor  
  42  3:56  Drone x4  
  42  3:57  Lair  
  46  4:07  Drone x4  
  46  4:09  Overlord  
  50  4:17  Drone x2, Extractor  
  52  4:19  Roach  
  52  4:20  Roach x2  
  52  4:23  Roach  
  59  4:36  Drone x4  
  59  4:37  Evolution Chamber  
  62  4:38  Evolution Chamber  
  61  4:47  Spore Crawler  
  61  4:48  Spore Crawler  
  61  4:49  Drone x4  
  63  4:58  Hydralisk Den  
  62  5:00  Drone x2  
  62  5:01  Drone, Infestation Pit  
  62  5:05  Spore Crawler  
  61  5:21  Drone x2  
  57  5:22  Drone  
  57  5:23  Drone x3  
  58  5:30  Drone x2  
  58  5:31  Drone x5  
  65  5:41  Hive  
  65  5:48  Drone x4  
  69  6:01  Zerg Ground Armor Level 1, Zerg Melee Weapons Level 1  
  69  6:04  Drone  
  69  6:05  Drone x3  
  69  6:07  Overlord  
  69  6:10  Overlord, Extractor x2  
  71  6:17  Drone  
  71  6:18  Baneling Nest  
  71  6:21  Drone  
  71  6:22  Drone  
  71  6:24  Overlord x2  
  73  6:26  Drone  
  73  6:27  Drone x2  
  73  6:28  Drone  
  77  6:36  Drone x4  
  81  6:40  Muscular Augments  
  81  6:53  Drone x5  
  86  7:00  Overlord x2  
  86  7:01  Hatchery, Overlord  
  86  7:02  Overlord, Ultralisk Cavern  
  84  7:11  Hydralisk x2, Roach x2  
  84  7:13  Roach  
  94  7:20  Hydralisk x3  
  94  7:21  Roach x3  
  107  7:23  Zergling x6  
  107  7:25  Baneling  
  110  7:31  Hydralisk  
  110  7:32  Hydralisk, Roach x2  
  118  7:39  Hydralisk x2  
  118  7:40  Roach x2  
  118  7:43  Baneling x6  
  126  7:45  Ravager x7  
  126  7:48  Roach  
  135  7:52  Roach  
  135  7:56  Chitinous Plating, Overlord  
  115  8:12  Ultralisk  
  109  8:13  Zergling x8  
  109  8:14  Zergling x16  
  111  8:24  Zerg Ground Armor Level 2  
  111  8:26  Zergling x8  
  113  8:35  Queen  
  113  8:36  Queen  
  117  8:44  Hatchery  
  122  8:50  Pathogen Glands  
  116  8:59  Overlord x2  
  115  9:11  Hatchery  
  115  9:16  Queen  
  116  9:18  Ultralisk x3  
  116  9:22  Extractor  
  133  9:24  Spire  
  133  9:26  Extractor  
  133  9:28  Drone  
  133  9:29  Drone x6  
  138  9:43  Ultralisk  
  150  9:45  Ultralisk  
  150  9:57  Infestor  
  150  9:59  Infestor  
  154  10:11  Ultralisk  
  150  10:19  Infestor  
  152  10:28  Ultralisk  
  154  10:37  Infestor  
  156  10:44  Drone  
  156  10:45  Drone x5, Overlord x2  
  156  10:46  Overlord x2  
  162  11:00  Extractor  
  162  11:01  Extractor  
  153  11:10  Corruptor x5, Greater Spire  
  150  11:16  Zergling x2  
  150  11:17  Zergling x4  
  150  11:18  Zergling x10  
  158  11:20  Queen x2  
  158  11:21  Queen  
  164  11:31  Infestor  
  166  11:34  Corruptor  
  166  11:35  Corruptor x4  
  176  11:53  Zerg Ground Armor Level 3, Zerg Melee Weapons Level 2  
  176  12:26  Brood Lord x6  
  188  12:45  Corruptor x4  
  188  12:46  Corruptor  
  198  12:54  Hatchery  
  197  13:22  Corruptor  
  197  13:23  Corruptor x2  
  155  13:38  Ultralisk x3  
  155  13:39  Ultralisk x2  
  171  13:49  Queen  
  171  13:50  Queen x4  
  171  13:52  Brood Lord x3  
  187  14:14  Pneumatized Carapace  
  187  14:16  Brood Lord x3  
  193  14:21  Corruptor  
  193  14:22  Corruptor  
  193  14:23  Extractor  
  196  14:25  Queen  
  196  14:27  Extractor  
  197  14:33  Zerg Flyer Armor Level 1  
  173  15:33  Ultralisk x4  
  187  15:42  Queen x3  
  174  15:43  Corruptor  
  174  15:44  Corruptor x6  
  162  16:03  Queen x3  
  160  16:13  Ultralisk  
  166  16:18  Drone  
  166  16:19  Drone x3  
  162  16:34  Ultralisk  
  154  17:05  Ultralisk  
  154  17:06  Ultralisk x2  
  169  17:11  Corruptor x2  
  171  17:29  Overseer  
  165  17:37  Brood Lord x3  
  169  17:38  Corruptor x2  
  175  17:46  Overseer x2  
  175  18:12  Ultralisk x3  
  193  18:14  Queen x2  
  193  18:18  Infestor  
  199  18:22  Zerg Melee Weapons Level 3  
  199  18:24  Zerg Flyer Armor Level 2  
  199  18:29  Adrenal Glands  
  194  18:53  Hatchery  
  193  19:01  Corruptor x5, Extractor  
  196  19:05  Extractor  
  196  19:08  Overlord  
  191  19:17  Extractor x2  
  189  19:39  Corruptor x4  
  177  19:55  Corruptor  
  177  19:56  Corruptor x5  
  177  19:58  Infestor  
  177  19:59  Infestor  
  193  20:33  Corruptor x3  
Show
View Real Time Build Order
Export as new Build Order

IIIIIIIIIIII Terran 

Build Orders: Command Center First (CC), MMM Bio 

Get SALT Encoding   

  12  0:01  SCV  
  13  0:13  SCV  
  14  0:18  Supply Depot  
  14  0:25  SCV  
  15  0:40  SCV  
  16  0:52  SCV  
  17  1:02  Command Center  
  17  1:04  SCV  
  17  1:09  Refinery  
  18  1:19  Barracks  
  18  1:22  SCV  
  19  1:34  SCV  
  20  1:46  SCV  
  21  1:58  SCV  
  22  2:07  Marine  
  23  2:10  Factory, Orbital Command  
  23  2:14  Orbital Command  
  23  2:29  Barracks Reactor  
  23  2:36  SCV  
  24  2:39  SCV  
  25  2:46  Command Center  
  25  2:49  SCV  
  26  2:52  SCV  
  26  2:57  Supply Depot  
  27  2:59  Refinery  
  27  3:01  SCV  
  27  3:04  SCV  
  29  3:08  Hellion x2  
  29  3:12  Barracks Tech Lab  
  33  3:13  SCV  
  33  3:16  SCV  
  35  3:23  Starport  
  35  3:25  SCV  
  36  3:28  SCV  
  37  3:35  Engineering Bay, Marine  
  37  3:37  SCV, Engineering Bay  
  37  3:40  SCV  
  40  3:42  Refinery  
  40  3:44  Refinery  
  40  3:51  SCV  
  40  3:54  Hellion  
  43  3:56  Hellion  
  43  3:57  SCV  
  43  4:01  Medivac  
  48  4:06  Orbital Command  
  48  4:11  SCV  
  48  4:13  SCV  
  50  4:17  Terran Infantry Weapons Level 1  
  50  4:19  Terran Infantry Armor Level 1  
  50  4:23  SCV  
  50  4:24  Supply Depot  
  51  4:25  SCV  
  51  4:30  Supply Depot  
  52  4:34  Stimpack  
  52  4:35  SCV  
  52  4:37  SCV  
  54  4:42  Marine  
  54  4:43  SCV  
  54  4:44  Starport Reactor  
  56  4:48  SCV  
  56  4:50  Factory Reactor, Barracks  
  57  4:53  Orbital Command  
  57  4:54  SCV  
  57  4:57  Supply Depot  
  58  5:00  SCV  
  58  5:04  Marine  
  58  5:06  SCV  
  61  5:09  Barracks x2  
  61  5:10  Barracks  
  59  5:28  Marine  
  59  5:32  SCV x3  
  63  5:42  Armory  
  63  5:43  Factory Tech Lab  
  63  5:44  SCV x3, Starport Reactor, Supply Depot x2, Marine x2  
  63  5:46  Supply Depot, Marine  
  69  5:56  SCV x3  
  72  6:00  Barracks Tech Lab  
  72  6:01  Marine  
  72  6:02  Marine  
  74  6:05  Marauder  
  74  6:07  Supply Depot x2  
  74  6:08  SCV x3  
  79  6:13  Siege Tank, Marine x2  
  79  6:14  Marine x2  
  86  6:19  Medivac, Marine x2  
  86  6:20  SCV x3, Medivac  
  95  6:26  Marauder  
  95  6:29  Marauder  
  95  6:31  Marine x2  
  95  6:32  SCV x2, Marine x2  
  103  6:34  Terran Infantry Weapons Level 2  
  103  6:37  Terran Infantry Armor Level 2  
  105  6:45  Siege Tank  
  108  6:47  Marauder  
  108  6:50  Supply Depot, Refinery  
  108  6:51  Supply Depot  
  108  6:52  Supply Depot x2  
  108  6:53  Marauder  
  112  6:54  Refinery, Marine  
  112  6:55  Marine  
  112  6:56  Marine x3  
  112  6:58  Marine  
  112  7:00  Medivac  
  120  7:02  Medivac  
  122  7:08  Marine  
  122  7:09  Supply Depot  
  122  7:11  Combat Shields  
  122  7:12  Marine  
  122  7:13  Marine x2  
  122  7:14  Marine  
  127  7:30  Command Center, Ghost Academy  
  127  7:34  Barracks  
  127  7:36  Barracks  
  127  7:51  Marine x6  
  133  8:02  Ghost  
  111  8:05  Ghost  
  111  8:08  Marine  
  101  8:25  Marine x2  
  101  8:26  Barracks Tech Lab  
  101  8:27  Barracks Tech Lab  
  103  8:31  SCV x2, Ghost  
  103  8:32  SCV  
  108  8:34  Ghost  
  108  8:37  Medivac x2  
  108  8:38  Bunker x2  
  108  8:40  Siege Tank  
  117  8:41  Bunker  
  117  8:43  Planetary Fortress  
  117  8:47  SCV x2  
  117  8:48  SCV  
  120  8:51  Marine x5  
  120  8:52  Marine  
  126  8:57  Terran Infantry Weapons Level 3  
  126  8:58  Terran Infantry Armor Level 3  
  126  9:11  Ghost x2  
  126  9:12  Marine  
  126  9:13  Ghost x2  
  126  9:14  Marine  
  126  9:15  Marine x3  
  139  9:24  Refinery  
  139  9:30  Refinery  
  139  9:31  Siege Tank  
  139  9:33  Command Center  
  139  9:37  Marine x2  
  139  9:38  Marine x2  
  146  9:39  Ghost x2, Marine  
  146  9:40  Marine  
  146  9:42  Ghost  
  154  10:01  Missile Turret  
  154  10:03  Missile Turret x2  
  154  10:07  Missile Turret  
  154  10:08  Missile Turret  
  154  10:09  Ghost  
  154  10:10  Ghost x3  
  154  10:11  Missile Turret, Marine x2  
  164  10:21  Marine  
  164  10:22  Marine  
  164  10:26  Marine x2  
  165  10:28  Marine  
  165  10:32  Supply Depot  
  166  10:38  Bunker, Ghost x3  
  166  10:40  Bunker  
  166  10:42  Bunker  
  172  10:43  Bunker  
  172  11:00  Liberator x2  
  172  11:15  Siege Tank  
  181  11:36  Starport  
  181  11:47  Starport  
  181  11:49  Starport  
  181  11:50  Ghost x2  
  181  11:51  Ghost x2  
  181  11:53  Terran Vehicle Weapons Level 1  
  189  11:55  Neosteel Frame, Building Armor  
  189  12:01  Planetary Fortress  
  189  12:05  Liberator  
  189  12:06  Liberator  
  189  12:22  Refinery, Starport Reactor  
  189  12:27  Refinery, Starport Tech Lab  
  189  12:28  Starport Reactor  
  195  12:37  Liberator  
  195  12:45  Liberator x2  
  195  12:48  Liberator  
  187  13:09  Fusion Core  
  190  13:14  Hi-Sec Auto Tracking  
  146  13:36  Ghost x4  
  146  13:37  Marine x6  
  146  13:42  Liberator x7  
  167  14:04  Ghost x2  
  167  14:06  Advanced Ballistics  
  171  14:10  Personal Cloaking  
  171  14:20  Missile Turret  
  171  14:21  Missile Turret x2  
  171  14:24  Liberator  
  171  14:31  Ghost  
  171  14:32  Ghost, Marine  
  171  14:33  Marine x4  
  171  14:34  Ghost x2  
  184  14:40  Command Center  
  184  14:41  Command Center  
  184  14:42  Command Center  
  187  15:00  Ghost  
  144  15:31  Ghost x4  
  151  15:38  Liberator x2  
  151  15:39  Liberator x3  
  120  15:57  Hellbat, Liberator x2  
  108  16:08  Ghost  
  108  16:09  Ghost x3  
  108  16:10  Marine  
  108  16:11  Marine x4  
  127  16:18  Siege Tank  
  127  16:20  Missile Turret  
  127  16:21  Liberator  
  126  16:35  Marine x2  
  126  16:37  Ghost x3  
  126  16:38  Ghost  
  119  17:04  Marine x4  
  119  17:06  Ghost x4  
  119  17:07  Marine  
  105  17:29  Marine x2  
  100  17:30  Marine x4  
  100  17:34  Ghost x3  
  100  17:35  Ghost  
  113  17:48  Medivac  
  115  18:03  Ghost x2  
  119  18:07  Ghost x2  
  119  18:08  Marine x2  
  119  18:09  Marine x2  
  119  18:10  Liberator x3  
  127  18:16  Planetary Fortress  
  127  18:19  Planetary Fortress  
  127  18:26  Marine x2  
  129  18:31  Ghost  
  140  18:40  Ghost x2  
  144  18:42  Marine x3  
  147  19:13  Refinery  
  147  19:15  Refinery  
  147  19:17  Ghost x3  
  147  19:18  Marine x3  
  147  19:22  Viking  
  147  19:23  Viking x3  
  162  19:46  Ghost x3  
  162  19:47  Marine x7  
  175  20:05  Marine x4  
  175  20:14  Ghost  
  175  20:15  Ghost x3, Marine  
  175  20:16  Marine  
  183  20:23  Marine x3  
  183  20:25  Viking  
  183  20:26  Viking x3  
  99  21:00  Marine x7  
Tags
 
Add a new tag
Caveats
  • Supply blocks, unpowered buildings, or Contaminate may cause inaccurate times.
  • Supply counts are checked every 10 seconds.